 Dungeon Crawl Stone Soup version 0.31.0-32-g396128a36d (webtiles) character file.

Game seed: 16062202619983863648

5560 hawla the Slicer (level 10, -4/86 HPs)
             Began as a Minotaur Gladiator on Apr 14, 2024.
             Slain by a yak (9 damage)
             ... on level 8 of the Dungeon.
             The game lasted 00:15:31 (9193 turns).

hawla the Slicer (Minotaur Gladiator)               Turns: 9193, Time: 00:15:32

Health: -4/86      AC:  9    Str: 20    XL:     10   Next: 44%
Magic:  9/9        EV: 14    Int:  5    God:
Gold:   109        SH:  5    Dex: 15    Spells: 9/9 levels left

rFire   . . .        j - +0 dagger (distort)
rCold   . . .        u - +0 buckler
rNeg    . . .        n - +0 acid dragon scales
rPois   .            c - +1 hat
rElec   .            (no cloak)
rCorr   +            (no gloves)
SInv    +            i - +0 pair of boots
Will    .....        f - amulet of magic regeneration
Stlth   +            (no ring)
HPRegen 0.34/turn    (no ring)
MPRegen 0.51/turn

%: no passive effects
@: hasted, very quick
A: horns 2, retaliatory headbutt, see invisible, no potion heal 2
a: no special abilities


You were on level 8 of the Dungeon.
You visited 1 branch of the dungeon, and saw 9 of its levels.

You collected 687 gold pieces.
You spent 578 gold pieces at shops.

Inventory:

Hand Weapons
 j - a +0 dagger of distortion (weapon)
 p - the +3 short sword "Burasynao" {protect, rElec Int-5 Stlth+}
   (You bought it in a shop on level 3 of the Dungeon)

   Int-5:     It affects your intelligence (-5).
   rElec:     It insulates you from electricity.
   Stlth+:    It makes you more stealthy.
 A - a +3 scimitar of freezing
Missiles
 d - a throwing net
 e - a javelin
 o - 14 poisoned darts (quivered)
Armour
 b - a +1 leather armour
 c - a +1 hat (worn)
 i - a +0 pair of boots (worn)
 n - +0 acid dragon scales (worn)
 u - a +0 buckler (worn)
Jewellery
 f - an amulet of magic regeneration (around neck)
Wands
 v - a wand of iceblast (6)
Scrolls
 a - a scroll of fog {unknown}
 q - 7 scrolls of identify
 r - 4 scrolls of poison
 s - a scroll of silence
 t - a scroll of amnesia {unknown}
 w - a scroll of enchant weapon {unknown}
 x - 2 scrolls of teleportation {unknown}
Potions
 g - 2 potions of heal wounds
 h - a potion of brilliance
 k - a potion of haste
 l - 2 potions of cancellation {unknown}
 m - a potion of enlightenment {unknown}
 z - a potion of invisibility {unknown}
 B - a potion of ambrosia {unknown}


   Skills:
 - Level 7.0 Fighting
 - Level 9.4(10.6) Short Blades
 + Level 8.4(10.6) Long Blades
 - Level 6.0 Throwing
 - Level 5.0 Armour
 - Level 7.0 Dodging
 - Level 5.0 Shields


You had 9 spell levels left.
You didn't know any spells.
Your spell library was empty.

Dungeon Overview and Level Annotations

Branches:
Dungeon (9/15)             Temple (0/1) D:7
   Lair: D:8-11         Orc: D:9-12

Altars:
Elyvilon
Gozag
Okawaru
Uskayaw

Shops:
D:3 (   D:4 ?   D:7 *


Innate Abilities, Weirdness & Mutations

You have a pair of horns on your head.
You reflexively headbutt those who attack you in melee.
You have supernaturally acute eyesight. (SInv)
Potions cannot restore your health.


Message History

You block the yak's attack. The yak misses you. x2
You hit the yak.
Space warps around the yak.
The yak is moderately wounded.
You block the yak's attack. The yak misses you. The yak gores you!
You are too injured to fight recklessly!
You are too injured to fight recklessly!
You are too injured to fight recklessly!
You barely miss the yak.
The yak is moderately wounded.
You hit the yak but do no damage.
The yak is moderately wounded.
The yak blinks!
The yak barely misses you. The yak misses you. The yak gores you!
You block the yak's attack.
You hit the yak.
Space warps horribly around the yak!
You headbutt the yak.
The yak is heavily wounded.
You hit the yak but do no damage. You headbutt the yak!
The yak is almost dead.
The yak blinks!
The yak gores you!
* * * LOW HITPOINT WARNING * * *
The yak misses you.
You hit the yak.
Space warps horribly around the yak!
You headbutt the yak, but do no damage.
The yak is heavily wounded.
You hit the yak.
Space warps around the yak.
The yak is severely wounded.
The yak gores you.
* * * LOW HITPOINT WARNING * * *
The yak gores you but does no damage.
You feel yourself speed up. The yak gores you.
* * * LOW HITPOINT WARNING * * *
The yak gores you!
* * * LOW HITPOINT WARNING * * *
You hit the yak but do no damage.
The yak is severely wounded.
You barely miss the yak. You headbutt the yak.
The yak is heavily wounded.
You hit the yak but do no damage.
Space warps horribly around the yak!
The yak is severely wounded.
The yak gores you!
You die...

............# ####
#.......!...# #..##
#...........## #...#
#............# #...##
#......Y....# ###...>#
#...........#
.......###....?......#
........# #....Y@...#
.<......# #.....Y...#
........####.......##
.........# #......##
...>.....# #......#
.........# ##....##
.........####..#.#
...........##..###
#..###.......#.##


You could see 3 yaks.

Vanquished Creatures
  10 yaks
  2 steam dragons
  Eustachio (D:6)
  An acid dragon (D:6)
  A water moccasin (D:7)
  An orc warrior (D:6)
  3 ice beasts
  An ogre (D:7)
  2 centaurs
  2 phantoms (D:4)
  3 bullfrogs
  A gnoll sergeant (D:7)
  4 scorpions
  6 wights (D:7)
  4 killer bees (D:9)
  2 howler monkeys (D:6)
  4 hounds
  A bombardier beetle (D:5)
  A jelly (D:5)
  A gnoll bouda (D:7)
  2 sleepcaps
  3 iguanas
  6 orc wizards
  8 gnolls
  13 adders
  2 shadow imps
  A white imp (D:6)
  3 dart slugs
  A ribbon worm (D:3)
  28 orcs
  5 endoplasms
  A giant cockroach (D:1)
  A goblin (D:1)
  12 hobgoblins
  5 jackals
  6 quokkas
  4 ball pythons
  4 bats (D:2)
  5 frilled lizards
  2 kobolds
  11 rats
174 creatures vanquished.

Notes
Turn   | Place    | Note
-------+----------+-------------------------------------------
     0 | D:1      | hawla the Minotaur Gladiator began the quest for the Orb.
     0 | D:1      | Reached XP level 1. HP: 18/18 MP: 0/0
    51 | D:1      | You fall into a shaft and drop 1 floor!
    84 | D:2      | Reached XP level 2. HP: 20/25 MP: 1/1
   268 | D:2      | Reached skill level 5 in Long Blades
   298 | D:1      | Reached XP level 3. HP: 30/30 MP: 2/2
  1316 | D:2      | Reached skill level 1 in Short Blades
  1383 | D:2      | Reached XP level 4. HP: 37/37 MP: 3/3
  1432 | D:2      | Reached skill level 2 in Short Blades
  1966 | D:3      | Found Uzoppiom's Antique Weapon Boutique.
  2124 | D:3      | Reached skill level 3 in Short Blades
  2324 | D:4      | Noticed a phantom
  2333 | D:4      | Killed a phantom
  2334 | D:4      | Reached skill level 4 in Short Blades
  2334 | D:4      | Reached XP level 5. HP: 37/42 MP: 4/4
  2371 | D:4      | Reached skill level 5 in Short Blades
  2422 | D:4      | Noticed a centaur
  2437 | D:4      | Killed a centaur
  2438 | D:4      | Reached XP level 6. HP: 23/50 MP: 5/5
  2574 | D:4      | Reached skill level 6 in Short Blades
  2699 | D:4      | Found The Oracle's Delphic Readings.
  3248 | D:4      | Reached skill level 7 in Short Blades
  3248 | D:4      | Reached XP level 7. HP: 55/56 MP: 6/6
  3447 | D:5      | Entered Level 5 of the Dungeon
  3812 | D:5      | Reached skill level 8 in Short Blades
  4070 | D:5      | Reached skill level 9 in Short Blades
  4267 | D:5      | Reached XP level 8. HP: 45/62 MP: 7/7
  4776 | D:6      | Noticed Eustachio
  4805 | D:6      | Killed Eustachio
  5043 | D:6      | Reached skill level 5 in Fighting
  5043 | D:6      | Reached skill level 5 in Dodging
  5259 | D:7      | Gained mutation: You have supernaturally acute eyesight.
                  | (SInv) [potion of mutation]
  5259 | D:7      | Gained mutation: Potions are less effective at restoring
                  | your health. [potion of mutation]
  5259 | D:7      | Gained mutation: Potions cannot restore your health.
                  | [potion of mutation]
  6086 | D:6      | Reached XP level 9. HP: 73/75 MP: 8/8
  6265 | D:6      | Found an opulent altar of Gozag.
  6349 | D:6      | Reached skill level 5 in Throwing
  6735 | D:3      | Bought a smoking short sword for 200 gold pieces
  6735 | D:3      | Identified the +3 short sword "Burasynao" {protect, rElec
                  | Int-5 Stlth+} (You bought it in a shop on level 3 of the
                  | Dungeon)
  6782 | D:4      | Bought a scroll of identify for 28 gold pieces
  6782 | D:4      | Bought a scroll of poison for 56 gold pieces
  6782 | D:4      | Bought a scroll of silence for 133 gold pieces
  6782 | D:4      | Bought a scroll of identify for 28 gold pieces
  6782 | D:4      | Bought a scroll of identify for 28 gold pieces
  6910 | D:7      | Found a hide-covered altar of Uskayaw.
  7083 | D:7      | Found a staircase to the Ecumenical Temple.
  7152 | D:7      | Reached skill level 1 in Armour
  7330 | D:7      | Found Vabry's Elemental Accessories.
  7337 | D:7      | Bought a wand of iceblast (4) for 105 gold pieces
  7433 | D:7      | Reached skill level 1 in Shields
  8258 | D:9      | Found an iron altar of Okawaru.
  8258 | D:9      | Found a white marble altar of Elyvilon.
  8771 | D:9      | Reached XP level 10. HP: 81/86 MP: 9/9
  8878 | D:8      | Reached skill level 5 in Armour
  8884 | D:8      | Reached skill level 5 in Shields
  9190 | D:8      | HP: 4/86 [yak (8)]
  9193 | D:8      | Slain by a yak

Illustrated notes

Levels and vault maps discovered:
D:1:      minmay_arrival_checkered_box, layout_basic
D:2:      layout_basic, grunt_ministairs_2
D:3:      layout_rooms, serial_shops, shop
D:4:      layout_cave_pods, serial_rivers, chequers_serial_rivers_micro_c,
          chequers_serial_rivers_small_3, chequers_serial_rivers_micro_d,
          chequers_serial_rivers_micro_c, nicolae_nh_oracle_at_delphi
D:5:      layout_basic, st_stairs_1
D:6:      minmay_polygon_palace, layout_basic, mainiacjoe_overflow_boulevard,
          gup_sewer_entry_glass, kennysheep_generic_room_16, uniq_eustachio
D:7:      layout_basic, mainiacjoe_overflow_surrounded_room,
          minmay_temple_entry_glassed_door, serial_glass, glass_columns_a,
          glass_columns_b, nicolae_elemental_shop
D:8:      layout_cave_pods, beargit_hepliaklqana_dungeon_heroes,
          kennysheep_mini, mainiacjoe_overflow_small_starburst
D:9:      layout_cross, yredelemnul_forgotten_temple_becter, ashenzari_altar_1,
          chequers_temple_overflow_statue_of_worship, lair_entry_dummy

Skill      XL: |  1  2  3  4  5  6  7  8  9 10 |
---------------+-------------------------------+-----
Long Blades    | 4 5 8 |  8.4
Short Blades   | 1 4 5 7 9 |  9.4
Fighting       | 5 7 |  7.0
Dodging        | 5 7 |  7.0
Throwing       | 4 6 |  6.0
Armour         | 4 5 |  5.0
Shields        | 3 5 |  5.0

Action                     |  1- 3 |  4- 6 |  7- 9 | 10-12 || total
---------------------------+-------+-------+-------+-------++-------
  Melee: Long sword        |    52 |       |       |       ||    52
         Headbutt          |     9 |    19 |    50 |    22 ||   100
         Dagger            |    19 |   113 |   319 |    86 ||   537
         Punch             |       |       |     5 |       ||     5
  Throw: Dart              |       |       |    10 |       ||    10
         Throwing net      |       |       |     3 |       ||     3
    Use: Scroll            |       |     4 |     7 |       ||    11
         Potion            |       |     2 |     4 |     1 ||     7
   Stab: Sleeping          |     1 |       |       |       ||     1
 Armour: Leather armour    |    39 |    64 |   124 |       ||   227
         Skin              |       |       |    97 |       ||    97
         Acid dragon scale |       |       |    27 |    34 ||    61
  Dodge: Dodged            |    57 |    53 |   121 |    45 ||   276
  Block: Buckler           |       |       |    19 |    19 ||    38
